AoeStats
← Fazzz7z

African Clearing

506830446Analyzed
2v2 RM · 17d ago on Sep 15, 2026· 41m 7s· 4 players
Game mode
Random Map
Map size
Medium (4 player)
Population
200
Speed
Normal
Resources
Standard
Victory
Conquest
Starting age
Dark Age
Ending age
Imperial Age
RankedLock teamsTeams togetherTeam positionsShared explorationLock speedFull tech treeHidden civsTurbo modeCheats
Victory
Defeat
🇳🇱 Huns · Netherlands
1470
+14
🇨🇳 Spanish · China
1432
+15
🇩🇪 Cumans · Germany
1454
-16
🇬🇧 Franks · United Kingdom
1390
-13
Rotank
9:32 Loom
12:23 Feudal Age
13:19 Double-Bit Axe
13:25 Gold Mining
16:35 Castle Age
14:27 Gold Mining
15:29 Fletching
17:15 Bodkin Arrow
26:44 Padded Archer Armor
29:24 Ballistics
30:18 Husbandry
33:07 Bloodlines
39:09 Horse Collar
42:27 Imperial Age
40:56 Bow Saw
无助小羊
4:20 Loom
13:58 Feudal Age
17:45 Castle Age
16:11 Stone Mining
17:03 Double-Bit Axe
26:09 Padded Archer Armor
26:48 Husbandry
27:47 Bloodlines
30:56 Leather Archer Armor
31:19 Wheelbarrow
33:28 Bow Saw
37:47 Imperial Age
37:48 Scale Barding Armor
38:01 Hand Cart
39:21 Ring Archer Armor
39:26 Gold Mining
40:34 Conscription
Bobo
12:29 Feudal Age
12:33 Loom
13:10 Double-Bit Axe
16:22 Fletching
16:52 Horse Collar
17:51 Wheelbarrow
18:14 Padded Archer Armor
21:31 Castle Age
22:13 Bodkin Arrow
26:31 Ballistics
26:12 Crossbowman
28:47 Leather Archer Armor
32:56 Elite Skirmisher
39:20 Heavy Plow
Fazzz7z
13:35 Feudal Age
15:11 Double-Bit Axe
16:19 Loom
18:58 Castle Age
26:37 Husbandry
26:46 Scale Barding Armor
28:57 Chain Barding Armor
32:48 Light Cavalry
34:24 Forging
35:23 Bow Saw
36:33 Iron Casting
37:59 Stone Mining
37:59 Gold Mining
39:39 Wheelbarrow
43:11 Imperial Age
Connection lost

Rejoining the realm…

Still unreachable

The connection could not be restored.

Session expired

The server has moved on; the page needs a fresh start.